 Dungeon Crawl Stone Soup version 0.30-a0-358-g0d69a1922f (webtiles) character file.

Game seed: 16792618269542161024

3145 NinjaNoafa the Cutter (level 9, -2/63 HPs)
             Began as a Demonspawn Gladiator on Nov 10, 2022.
             Was an Elder of Uskayaw.
             Killed by divine providence
             ... invoked by an orc priest
              (15 damage)
             ... on level 8 of the Dungeon.
             The game lasted 00:21:09 (6114 turns).

NinjaNoafa the Cutter (Demonspawn Gladiator)        Turns: 6114, Time: 00:21:09

Health: -2/63      AC: 12    Str: 15    XL:     9   Next: 62%
Magic:  20/23      EV: 11    Int: 16    God:    Uskayaw [****..]
Gold:   123        SH:  0    Dex: 14    Spells: 7/8 levels left

rFire   + + .      SeeInvis .    s - +12 dagger of Death {vorpal, Int+2}
rCold   . . .      Faith    .    (no shield)
rNeg    . . .      Spirit   .    w - +1 ring mail of the Four Ships {Drain +Inv rF++ rCorr}
rPois   .          Reflect  .    i - +2 hat
rElec   .          Harm     .    c - +1 cloak
rCorr   +          Rampage  .    (no gloves)
Will    .....                    (no boots)
Stlth   +.........               A - amulet of regeneration
HPRegen 1.10/turn                a - ring of magical power
MPRegen 0.18/turn                (no ring)

@: no status effects
A: molten scales 1, demonic guardian 2, demonic touch 1
a: Renounce Religion, Evoke Invisibility, Stomp, Line Pass


You were on level 8 of the Dungeon.
You worshipped Uskayaw.
Uskayaw was noncommittal.
You visited 3 branches of the dungeon, and saw 10 of its levels.
You also visited: Ossuary.

You collected 354 gold pieces.
You spent 231 gold pieces at shops.

Inventory:

Hand Weapons
 s - the +12 dagger of Death (weapon) {vorpal, Int+2}
   (You found it on level 2 of the Dungeon)

   It inflicts extra damage upon your enemies.
   Int:       It affects your intelligence (+2).
Missiles
 h - 80 stones
 p - 6 poisoned darts
 y - 4 boomerangs (quivered)
Armour
 c - a +1 cloak (worn)
 i - a +2 hat (worn)
 w - the +1 ring mail of the Four Ships (worn) {Drain +Inv rF++ rCorr}
   (You found it on level 4 of the Dungeon)

   rF:        It greatly protects you from fire.
   +Inv:      It lets you turn invisible.
   rCorr:     It protects you from acid and corrosion.
   Drain:     It drains your maximum health when unequipped.
Jewellery
 a - a ring of magical power (left hand)
 A - an amulet of regeneration (around neck)
Wands
 b - a wand of iceblast (17)
 x - a wand of polymorph (9)
 D - a wand of quicksilver (3)
Scrolls
 e - 2 scrolls of poison
 l - a scroll of fog
 r - 7 scrolls of teleportation
 v - 2 scrolls of blinking
 I - a scroll of vulnerability
 J - a scroll of immolation
 K - a scroll of fear
Potions
 f - 2 potions of curing
 g - 2 potions of degeneration
 k - a potion of lignification
 n - 4 potions of might
 o - a potion of resistance
 t - a potion of invisibility {unknown}
 u - 2 potions of attraction {unknown}
 z - 2 potions of haste {unknown}
 B - a potion of mutation {unknown}
 C - 3 potions of brilliance {unknown}
 E - a potion of flight
 F - 2 potions of magic {unknown}
 G - a potion of berserk rage {unknown}
 H - 2 potions of cancellation {unknown}


   Skills:
 - Level 3.0 Fighting
 - Level 7.0 Short Blades
 - Level 2.0 Throwing
 - Level 3.0 Armour
 - Level 3.0 Dodging
 + Level 6.8 Translocations
 - Level 7.0 Invocations
 - Level 5.0 Evocations


You had 7 spell levels left.
You knew the following spells:

 Your Spells              Type           Power      Damage    Failure   Level
a - Apportation           Tloc           42%        N/A       3%          1

Your spell library contained the following spells:

 Spells                   Type           Power      Damage    Failure   Level
 Blink                    Tloc           42%        N/A       4%          2
 Gell's Gravitas          Tloc           21%        N/A       9%          3
 Lesser Beckoning         Tloc           42%        N/A       9%          3
 Teleport Other           Tloc           21%        N/A       9%          3
 Momentum Strike          Conj/Tloc      20%        3d8       19%         2
 Passage of Golubria      Tloc           21%        N/A       30%         4
 Freeze                   Ice            0%         1d3       43%         1
 Necrotise                Necr           0%         1d4       43%         1
 Summon Small Mammal      Summ           0%         N/A       43%         1
 Frozen Ramparts          Ice            0%         1d1       82%         3
 Hailstorm                Conj/Ice       0%         3d3       82%         3
 Summon Guardian Golem    Hex/Summ       0%         N/A       82%         3
 Tukima's Dance           Hex            0%         N/A       82%         3
 Summon Forest            Summ/Tloc      5%         N/A       98%         5
 Dispersal                Tloc           10%        N/A       99%         6
 Yara's Violent Unravell  Hex/Tmut       0%         3d3       100%        5
 Eringya's Noxious Bog    Tmut/Pois      0%         N/A       100%        6
 Orb of Destruction       Conj           0%         9d5       100%        7
 Spellforged Servitor     Conj/Summ      0%         N/A       100%        7
 Summon Hydra             Summ           0%         N/A       100%        7


Dungeon Overview and Level Annotations

Branches:
Dungeon (8/15)             Temple (1/1) D:6            Lair (1/5) D:8
Ossuary (visited)

Altars:
Ashenzari
Dithmenos
Fedhas
Gozag
Hepliaklqana
Kikubaaqudgha
Makhleb
Nemelex Xobeh
Okawaru
Ru
Sif Muna
Uskayaw
Vehumet
Wu Jian
Xom
Yredelemnul

Shops:
D:7 ?


Innate Abilities, Weirdness & Mutations

You are partially covered in molten scales. (AC +2)
A demonic guardian rushes to your aid.
Your touch may inflict minor irresistible damage on your foes.


Message History

Uskayaw links your audience in an emotional bond!
The warg is no longer paralysed.
The orc warrior is no longer paralysed.
The orc is no longer paralysed.
The orc priest is no longer paralysed.
The wight is no longer paralysed. x2
The howler monkey is no longer paralysed. x2
The howler monkey barely misses you.
You see here a howler monkey corpse.
The helpless orc fails to defend itself.
You impale the orc!!
You kill the yak!
You kill the orc!
The howler monkey hits you.
The howler monkey hits you but does no damage.
The orc priest invokes the aid of Beogh against you.
Beogh smites you!
A demonic guardian appears!
The orc priest attacks as you move away!
The orc priest barely misses you.
The orc is no longer sharing its pain.
The howler monkey hits you but does no damage.
The howler monkey hoots and howls with incredible vigour!
The wight hits your hellwing with a +0 flail.
An orc comes into view. It is wielding a +0 short sword.
An orc comes into view. It is wielding a +0 mace.
Your hellwing barely misses the wight.
Your hellwing closely misses the wight.
An orc comes into view. It is wielding a +0 dagger.
The orc shouts!
The howler monkey hoots and howls with incredible vigour!
The orc barely misses you.
The wight hits your hellwing with a +0 flail.
The wight hits you from afar with a +0 halberd.
* * * LOW HITPOINT WARNING * * *
Your hellwing barely misses the wight.
Your hellwing closely misses the wight.
There is a stone staircase leading up, spattered with blood here.
The wight is no longer sharing its pain.
The howler monkey hits you but does no damage.
The warg bites you.
* * * LOW HITPOINT WARNING * * *
The orc barely misses you. The wight closely misses your hellwing.
The wight hits you but does no damage. The wight barely misses your hellwing.
The orc priest calls down the wrath of Beogh upon you.
Beogh smites you!
You die...

## ##.##### ####
#......####..# #...........#
#######......†.).##
#...#.......)...##
##...........†o{.#
............ohh)##
.....#......4@h..#
#.........)zoz.###
...........ozo##
............o.##
......#...o#...####
.......##..##...#.####### ..
.$............o....##...###
..
........................#.###
..
........#...................#


You could see a warg (pain bonded), an orc warrior (pain bonded), 2 howler
monkeys, 3 wights, an orc priest (pain bonded), 6 orcs and a friendly hellwing
(summoned).

Vanquished Creatures
  A yak (D:8)
  2 steam dragons
  Menkaure (D:7)
  A warg (D:8)
  A sky beast (D:6)
  2 ice beasts
  An orc warrior (D:6)
  2 black bears
  A centaur (D:7)
  A phantom (D:7)
  2 kobold brigands
  2 bullfrogs (D:8)
  5 wights (D:7)
  3 howler monkeys
  5 hounds
  2 human zombies (Ossuary)
  8 orc priests
  2 jellies
  Ijyb (D:4)
  2 iguanas
  3 orc wizards
  2 mummies (Ossuary)
  Robin (D:2)
  6 adders
  9 gnolls
  A white imp (D:6)
  An ufetubus (D:5)
  4 adder zombies (Ossuary)
  3 worms
  5 dart slugs
  12 orcs
  6 ball pythons
  4 endoplasms
  4 giant cockroaches
  19 goblins
  6 hobgoblins
  2 jackals (D:2)
  17 kobolds
  5 quokkas
  4 bats
  3 frilled lizards (D:3)
  2 goblin zombies (Ossuary)
  A hobgoblin zombie (Ossuary)
  4 kobold zombies (Ossuary)
  4 quokka zombies (Ossuary)
  6 rats
  A rat zombie (Ossuary)
180 creatures vanquished.

Vanquished Creatures (collateral kills)
  A water moccasin (D:8)
  A gnoll bouda (D:5)
  A mummy (Ossuary)
  A gnoll (D:5)
  2 orcs (D:4)
  A kobold (D:8)
7 creatures vanquished.

Vanquished Creatures (others)
  3 fungi (D:2)
  7 plants
10 creatures vanquished.

Grand Total: 197 creatures vanquished

Notes
Turn   | Place    | Note
-------+----------+-------------------------------------------
     0 | D:1      | NinjaNoafa the Demonspawn Gladiator began the quest for the
                  | Orb.
     0 | D:1      | Reached XP level 1. HP: 16/16 MP: 1/1
   209 | D:1      | Gained mutation: Your touch may inflict minor irresistible
                  | damage on your foes. [demonic ancestry]
   209 | D:1      | Reached XP level 2. HP: 22/22 MP: 2/2
   881 | D:2      | Gained mutation: You are partially covered in molten
                  | scales. (AC +2) [demonic ancestry]
   881 | D:2      | Reached XP level 3. HP: 25/27 MP: 3/3
  1167 | D:2      | Identified the +12 dagger of Death {vorpal, Int+2}
  1207 | D:2      | Noticed Robin
  1301 | D:3      | Gained mutation: A weak demonic guardian rushes to your
                  | aid. [demonic ancestry]
  1301 | D:3      | Reached XP level 4. HP: 32/33 MP: 4/4
  1310 | D:2      | Killed Robin
  1415 | D:2      | Found a faded altar of an unknown god.
  1892 | D:3      | Reached skill level 5 in Short Blades
  2165 | D:3      | Found a blossoming altar of Fedhas.
  2464 | D:4      | Noticed an ice beast
  2496 | D:3      | Gained mutation: A demonic guardian rushes to your aid.
                  | [demonic ancestry]
  2496 | D:3      | Reached XP level 5. HP: 20/38 MP: 5/5
  2502 | D:3      | Killed an ice beast
  2601 | D:4      | Identified the +1 ring mail of the Four Ships {Drain +Inv
                  | rF++ rCorr}
  2672 | D:4      | Noticed Ijyb
  2681 | D:4      | Killed Ijyb
  2734 | D:4      | Reached XP level 6. HP: 44/44 MP: 6/6
  3086 | D:4      | Found a shimmering blue altar of Sif Muna.
  3464 | D:5      | Entered Level 5 of the Dungeon
  3676 | D:5      | Reached XP level 7. HP: 42/51 MP: 7/7
  3679 | D:5      | Reached skill level 1 in Armour
  3953 | D:6      | Found a staircase to the Ecumenical Temple.
  3959 | Temple   | Entered the Ecumenical Temple
  4036 | Temple   | Became a worshipper of Uskayaw the Reveller
  4060 | D:6      | Reached * piety under Uskayaw
  4181 | D:6      | Found a sparkling altar of Nemelex Xobeh.
  4217 | D:6      | Reached ** piety under Uskayaw
  4273 | D:6      | Reached skill level 1 in Invocations
  4278 | D:6      | Reached *** piety under Uskayaw
  4286 | D:6      | Reached **** piety under Uskayaw
  4290 | D:6      | Reached skill level 1 in Translocations
  4291 | D:6      | Noticed a steam dragon
  4297 | D:6      | Killed a steam dragon
  4297 | D:6      | Reached ***** piety under Uskayaw
  4355 | D:6      | Reached XP level 8. HP: 58/58 MP: 10/10
  4877 | D:7      | Reached skill level 5 in Invocations
  4905 | D:7      | Noticed Menkaure
  4910 | D:7      | Killed Menkaure
  4927 | D:7      | Found an iron altar of Okawaru.
  4978 | D:7      | Reached skill level 5 in Translocations
  4978 | D:7      | Reached skill level 1 in Evocations
  5227 | D:7      | Learned a level 1 spell: Apportation
  5270 | D:7      | Found Ilulon's Magic Scroll Boutique.
  5281 | D:7      | Reached XP level 9. HP: 56/63 MP: 12/12
  5305 | D:7      | Bought a scroll of enchant armour for 105 gold pieces
  5305 | D:7      | Bought a scroll of fear for 56 gold pieces
  5305 | D:7      | Bought a scroll of identify for 28 gold pieces
  5305 | D:7      | Bought a scroll of teleportation for 42 gold pieces
  5430 | D:7      | Reached skill level 5 in Evocations
  5715 | D:8      | Found a staircase to the Lair.
  5775 | D:8      | Found a burning altar of Makhleb.
  5827 | Lair:1   | Entered Level 1 of the Lair of Beasts
  5868 | D:8      | Found a sand-covered staircase.
  5875 | Ossuary  | Entered an ossuary
  6114 | D:8      | Killed from afar by an orc priest

Illustrated notes

Levels and vault maps discovered:
D:1:      matt_arrival_los_fun, layout_loops_ring, minmay_crystal_water
D:2:      layout_basic, dreamdust_ecumenical_altar_hidden_monk_grotto,
          uniq_robin
D:3:      layout_basic, mainiacjoe_overflow_brackets, minivault_11,
          minmay_between
D:4:      layout_loops_cross, mainiacjoe_overflow_alcove_1, uniq_ijyb
D:5:      layout_cave_pools
D:6:      layout_basic, mainiacjoe_overflow_concentric_impassable,
          minmay_temple_entry_purple_smoke, kennysheep_decorative_pillar
D:7:      layout_loops_ring, mainiacjoe_overflow_small_starburst, serial_shops,
          nicolae_shop_waterfront, uniq_menkaure
D:8:      layout_cave_pools, marbit_many_paths, old_standard_altar,
          nicolae_overflow_crystal_walls, erik_lair_orcish_takeover,
          enter_ossuary_3
Temple:   dshaligram_water_room_temple
Lair:1:   layout_chaotic_city, beast_lair_carwin_10

Skill      XL: |  1  2  3  4  5  6  7  8  9 |
---------------+----------------------------+-----
Short Blades   | 3 4 5 6 7 |  7.0
Dodging        | 3 |  3.0
Armour         | 3 |  3.0
Fighting       | 3 |  3.0
Invocations    | 3 5 7 |  7.0
Throwing       | 2 |  2.0
Translocations | 2 5 6 |  6.8
Evocations     | 4 5 |  5.0

Action                   |  1- 3 |  4- 6 |  7- 9 || total
-------------------------+-------+-------+-------++-------
Melee: Rapier            |    65 |       |       ||    65
       Touch             |     9 |    11 |    30 ||    50
       Dagger            |    22 |   103 |   200 ||   325
       Punch             |       |       |     1 ||     1
Throw: Javelin           |     1 |     2 |     9 ||    12
       Dart              |       |     2 |       ||     2
       Boomerang         |       |       |     6 ||     6
       Throwing net      |       |       |     3 ||     3
 Cast: Apportation       |       |       |     3 ||     3
Invok: Line Pass         |       |       |     1 ||     1
Evoke: Wand              |       |       |     1 ||     1
  Use: Potion            |       |     1 |     2 ||     3
       Scroll            |       |       |    21 ||    21
 Stab: Distracted        |       |       |     1 ||     1
       Paralysed         |       |       |     7 ||     7
Armor: Leather armour    |    23 |    24 |       ||    47
       Skin              |       |     5 |       ||     5
       Ring mail         |       |    16 |   138 ||   154
Dodge: Dodged            |    73 |    58 |   154 ||   285

Table legend: (Time is in decaauts)
 A = Elapsed time spent in this place.
 B = Non-inter-level travel time spent in this place.
 C = Inter-level travel time spent in this place.
 D = Time resting spent in this place.
 E = Time spent auto-exploring this place.
 F = Levels seen in this place.
 G = Mean time per level.
                   A        B        C        D        E       F      G
               +--------+--------+--------+--------+--------+-----+--------+
         Total |   6022 |   5655 |    367 |     23 |   4350 |  11 |  547.5 |
       Dungeon |   5737 |   5386 |    351 |     23 |   4196 |   8 |  717.1 |
        Temple |     93 |     77 |     16 |      0 |     60 |   1 |   93.0 |
          Lair |     12 |     12 |      0 |      0 |      0 |   1 |   12.0 |
       Ossuary |    179 |    179 |      0 |      0 |     94 |   1 |  179.0 |
               +--------+--------+--------+--------+--------+-----+--------+

Top non-repeatable levels by time:
     D:3: 953 daAuts
     D:1: 863 daAuts
     D:7: 854 daAuts
     D:4: 842 daAuts
     D:6: 809 daAuts
     D:2: 785 daAuts
     D:5: 480 daAuts
 Ossuary: 179 daAuts
     D:8: 147 daAuts
  Temple: 93 daAuts
  Lair:1: 12 daAuts
